 Dungeon Crawl Stone Soup version 0.14-a0-1686-g0e827d1 (webtiles) character file.

306 ReteAZ the Slasher (level 5, -1/42 HPs)
             Began as a Djinni Death Knight on Dec 30, 2013.
             Was a Follower of Yredelemnul.
             Slain by Herrn's ghost (5 damage)
             ... on Level 4 of the Dungeon.
             The game lasted 00:17:33 (2953 turns).

ReteAZ the Slasher (Djinni Death Knight)            Turns: 2953, Time: 00:17:33

HP  -1/42        AC 12     Str 14      XL: 5   Next:  1%
MP   0/0         EV  5     Int 11      God: Yredelemnul [*.....]
Gold 167         SH  0     Dex 13      Spells:  0 memorised,  4 levels left

rFire  + + +     SeeInvis .     a - +1 falchion
rCold  x . .     Clarity  .     q - +4 orc chain mail {rN+}
rNeg   + + +     Conserve .     (no shield)
rPois  .         rCorr    .     (no helmet)
rElec  .         rRot     .     (no cloak)
SustAb . .       Spirit   .     (no gloves)
rMut   .         Warding  .     (boots unavailable)
Saprov . . .     Stasis   .     (no amulet)
                                (no ring)
                                (no ring)

@: flying, slightly resistant to hostile enchantments, extremely unstealthy
A: fire immunity, cold vulnerability, life protection 3
a: Animate Remains, Renounce Religion


You were on level 4 of the Dungeon.
You worshipped Yredelemnul.
Yredelemnul was aware of your devotion.
You were not hungry.

You visited 1 branch of the dungeon, and saw 4 of its levels.

You collected 167 gold pieces.

Inventory:

Hand weapons
 a - a +1,+1 falchion (weapon)
Missiles
 n - a stone (quivered)
Armour
 b - a +0 leather armour
 o - a +2 shield
 q - a +4 orcish chain mail of positive energy (worn)
Scrolls
 d - a scroll of enchant weapon II {unknown}
 e - 2 scrolls of immolation {unknown}
 f - a scroll of enchant armour
 g - 6 scrolls of identify
 p - a scroll of remove curse
Potions
 c - a potion of magic {unknown}
 h - 2 potions of degeneration {unknown}
 i - 6 potions of curing
 j - a potion of heal wounds {unknown}
 k - a potion of lignification {unknown}
 l - 2 potions of restore abilities {unknown}
 m - a potion of confusion {unknown}
 r - 3 potions of poison {unknown}


   Skills:
 - Level 2.0 Fighting
 + Level 4.3 Long Blades
 - Level 1.2 Armour
 - Level 1.0 Dodging
 - Level 3.3 Invocations


You had 4 spell levels left.
You didn't know any spells.

Dungeon Overview and Level Annotations

Branches:
Dungeon (4/16)
 Temple: D:4-7

Altars:
Elyvilon

Annotations:
D:4 Herrn's ghost, average NaFi


Innate Abilities, Weirdness & Mutations

You are immune to all types of fire, even holy and hellish.
You are vulnerable to cold.
You need no food.
You have no legs.
You are immune to negative energy.


Message History

Herrn's ghost hits you but does no damage.
You hit Herrn's ghost but do no damage.
Herrn's ghost is almost destroyed.
Herrn's ghost hits you but does no damage.
You hit Herrn's ghost but do no damage.
Herrn's ghost is almost destroyed.
Herrn's ghost hits you but does no damage.
You hit Herrn's ghost but do no damage.
Herrn's ghost is almost destroyed.
Your chain mail prevents you from hitting Herrn's ghost.
Herrn's ghost is almost destroyed.
Herrn's ghost hits you but does no damage.
You barely miss Herrn's ghost.
Herrn's ghost is almost destroyed.
Herrn's ghost hits you but does no damage.
You hit Herrn's ghost.
Herrn's ghost is almost destroyed.
Herrn's ghost hits you.
You die...
Your body rises from the dead as a mindless zombie.

#### #..
#.. #.#
#.# #p#
#@# #.#
#.# #.#
#.#######
#.......#
#.......#
#.......#
#.......#


You could see Herrn's ghost.

Vanquished Creatures
  Terence (D:2)
  5 adders
  A worm (D:2)
  A giant gecko (D:1)
  An ooze (D:3)
  An orc (D:3)
  11 bats
  4 giant cockroaches
  10 goblins
  A hobgoblin (D:3)
  A jackal (D:1)
  5 kobolds
  A quokka (D:3)
  6 giant newts
  3 rats
52 creatures vanquished.

Vanquished Creatures (collateral kills)
  3 adders
  A giant mite (D:2)
  A giant cockroach (D:1)
  A goblin (D:1)
  3 hobgoblins (D:1)
  A jackal (D:1)
  A ball python (D:1)
  3 bats
  A giant newt (D:2)
  2 rats (D:1)
17 creatures vanquished.

Vanquished Creatures (others)
  3 adder zombies
  3 bat zombies
  A human zombie (D:2)
  2 giant cockroach zombies
  A giant gecko zombie (D:1)
  A giant newt zombie (D:1)
  3 goblin zombies
  4 hobgoblin zombies
  3 kobold zombies (D:1)
  A quokka zombie (D:3)
22 creatures vanquished.

Grand Total: 91 creatures vanquished

Notes
Turn   | Place    | Note
--------------------------------------------------------------
     0 | D:1      | ReteAZ, the Djinni Death Knight, began the quest for the Orb.
     0 | D:1      | Reached XP level 1. HP: 15/15 MP: 0/0
   182 | D:1      | Reached XP level 2. EP: 14/21
   187 | D:1      | Reached skill level 1 in Dodging
   510 | D:1      | Reached skill level 3 in Invocations
   642 | D:1      | Reached XP level 3. EP: 13/29
  1002 | D:2      | Noticed Terence
  1148 | D:2      | Killed Terence
  1218 | D:2      | Acquired Yredelemnul's second power
  1280 | D:2      | Your ally Terence died
  1287 | D:2      | Reached XP level 4. EP: 21/36
  2201 | D:3      | Reached skill level 4 in Long Blades
  2217 | D:3      | Found a white marble altar of Elyvilon.
  2827 | D:4      | Reached XP level 5. EP: 38/42
  2906 | D:4      | Noticed Herrn's ghost (average NaFi)
  2945 | D:4      | HP: 2/42 [Herrn's ghost (3)]
  2953 | D:4      | Slain by Herrn's ghost

Action                   |  1- 3 |  4- 6 || total
-------------------------+-------+-------++-------
Melee: Falchion          |   119 |    88 ||   207
Invok: Animate Remains   |    18 |    21 ||    39
       Recall Undead Sla |       |     2 ||     2
       Injury Mirror     |       |     2 ||     2
  Use: Scroll            |       |     7 ||     7
